 Dungeon Crawl Stone Soup version 0.20.0-10-g0535bb4 (webtiles) character file.

59 tilp the Firebug (level 4, -1/33 HPs)
             Began as a Hill Orc Fire Elementalist on June 6, 2017.
             Slain by a goblin (2 damage)
             ... led by Robin
             ... on level 2 of the Dungeon.
             The game lasted 00:04:54 (1797 turns).

tilp the Firebug (Hill Orc Fire Elementalist)       Turns: 1797, Time: 00:04:55

Health: -1/33      AC:  2    Str: 10    XL:     4   Next: 3%
Magic:  0/7        EV: 12    Int: 16    God:
Gold:   31         SH:  0    Dex: 11    Spells: 3/7 levels left

rFire    . . .     SeeInvis .   m - +0 dagger
rCold    . . .     Gourm    .   (no shield)
rNeg     . . .     Faith    .   a - +0 robe
rPois    .         Spirit   .   (no helmet)
rElec    .         Reflect  .   (no cloak)
rCorr    .         Harm     .   (no gloves)
MR       .....                  (no boots)
Stlth    ++........             (no amulet)
Regen    0.2/turn               (no ring)
MPRegen  0.1/turn               (no ring)

@: very slightly contaminated
A: no striking features
a: no special abilities


You were on level 2 of the Dungeon.
You were not hungry.

You visited 1 branch of the dungeon, and saw 2 of its levels.

You collected 31 gold pieces.

Inventory:

Hand Weapons
 d - a +0 club
 m - a +0 dagger (weapon)
Missiles
 g - 6 tomahawks (quivered)
Armour
 a - a +0 robe (worn)
Jewellery
 k - a cursed ring of loudness {unknown}
Scrolls
 f - 2 scrolls of magic mapping {unknown}
Potions
 e - a potion of berserk rage {unknown}
 i - a potion of curing {unknown}
 j - a potion of heal wounds {unknown}
 l - a potion of brilliance {unknown}
Books
 b - a book of Flames

   Spells                             Type                      Level
   a - Flame Tongue                   Conjuration/Fire             1
   b - Throw Flame                    Conjuration/Fire             2
   c - Conjure Flame                  Conjuration/Fire             3
   d - Inner Flame                    Hexes/Fire                   3
   e - Sticky Flame                   Conjuration/Fire             4
   f - Fireball                       Conjuration/Fire             5


   Skills:
 - Level 1.5 Dodging
 - Level 1.5 Stealth
 * Level 2.3 Spellcasting
 * Level 1.6 Conjurations
 + Level 4.2 Fire Magic


You had 3 spell levels left.
You knew the following spells:

 Your Spells              Type           Power        Failure   Level  Hunger
a - Flame Tongue          Conj/Fire      ##...        6%          1    #......
b - Conjure Flame         Conj/Fire      ##......     19%         3    ###....


Dungeon Overview and Level Annotations

Branches:
Dungeon (2/15)

Altars:


Message History

The goblin is heavily wounded.
The goblin no longer looks unusually strong.
The goblin hits you with a club.
* * * LOW HITPOINT WARNING * * *
The goblin closely misses you.
Casting: Flame Tongue
Confirm with . or Enter, or press ? or * to list all spells.
Aiming: Flame Tongue
Press: ? - help, Shift-Dir - straight line, f/p - goblin
Aim: a goblin (heavily wounded, unusually strong)
You miscast Flame Tongue.
Nothing appears to happen.
The goblin barely misses you. x2
Casting: Flame Tongue
Confirm with . or Enter, or press ? or * to list all spells.
You don't have enough magic to cast that spell.
You closely miss the goblin.
The goblin is heavily wounded.
The goblin no longer looks unusually strong.
The goblin hits you.
You die...

#)#### #...............
#)##.# #...............
#g##.####............###
#....g...............###
####.##<#.##............
#...gg............#
#..ggg.##.#.#.....#
####g#.##.###.....##.
#@#.##(##.........
#####g#....##....#.###
#...........#.†..# #
#####...##.##....#
#..###.##..).#
#..###.#####.#
#...##.#####.#
#............#
#####.#<##.#####.#


You could see 2 hobgoblins and 5 goblins.

Vanquished Creatures
  Robin (D:2)
  A worm (D:1)
  A leopard gecko (D:1)
  5 giant cockroaches (D:1)
  7 goblins
  4 hobgoblins (D:1)
  8 jackals (D:1)
  5 bats
  2 frilled lizards
  2 kobolds
  3 rats
39 creatures vanquished.

Notes
Turn   | Place    | Note
-------+----------+-------------------------------------------
     0 | D:1      | tilp the Hill Orc Fire Elementalist began the quest for the Orb.
     0 | D:1      | Reached XP level 1. HP: 14/14 MP: 3/3
   225 | D:1      | Reached XP level 2. HP: 13/20 MP: 4/4
   912 | D:1      | Reached XP level 3. HP: 26/26 MP: 4/6
   917 | D:1      | Learned a level 3 spell: Conjure Flame
  1120 | D:1      | Reached skill level 4 in Fire Magic
  1418 | D:2      | Noticed Robin
  1793 | D:2      | Killed Robin
  1793 | D:2      | Reached XP level 4. HP: 5/33 MP: 3/7
  1795 | D:2      | HP: 1/33 [goblin/club[Robin] (2)]
  1797 | D:2      | Slain by a goblin

Skill      XL: |  1  2  3 |
---------------+----------+-----
Spellcasting   | 2 |  2.3
Fire Magic     | 4 |  4.2
Dodging        | |  1.5
Stealth        | |  1.5
Conjurations   | |  1.6

Action                   |  1- 3 |  4- 6 || total
-------------------------+-------+-------++-------
Melee: Club              |    96 |       ||    96
       Dagger            |    15 |     1 ||    16
 Cast: Flame Tongue      |    40 |     2 ||    42
       Conjure Flame     |     1 |       ||     1
 Stab: Sleeping          |     1 |       ||     1
  Eat: Chunk             |     3 |       ||     3
       Bread ration      |     1 |       ||     1
Armor: Robe              |    36 |       ||    36
Dodge: Dodged            |   112 |     5 ||   117
